 Dungeon Crawl Stone Soup version 0.29.1-12-g30fa7ad0bf (webtiles) character file.

Game seed: 6386565030179015813

138 GigaChad the Trooper (level 5, 0/47 HPs)
             Began as a Minotaur Fighter on Jan 12, 2023.
             Slain by a gnoll
             ... wielding a +0 whip
              (5 damage)
             ... on level 4 of the Dungeon.
             The game lasted 00:03:46 (2594 turns).

GigaChad the Trooper (Minotaur Fighter)             Turns: 2594, Time: 00:03:46

Health: 0/47       AC:  9    Str: 23    XL:     5   Next: 1%
Magic:  4/4        EV:  7    Int:  5    God:
Gold:   163        SH:  4    Dex:  9    Spells: 4/4 levels left

rFire   . . .      SeeInvis .   a - +0 war axe
rCold   . . .      Faith    .   c - +0 buckler
rNeg    . . .      Spirit   .   o - +0 chain mail
rPois   .          Reflect  .   (helmet restricted)
rElec   .          Harm     .   (no cloak)
rCorr   .          Rampage  .   (no gloves)
Will    +....                   (no boots)
Stlth   ..........              (no amulet)
HPRegen 0.15/turn               g - ring of willpower
MPRegen 0.09/turn               (no ring)

@: no status effects
A: horns 2, retaliatory headbutt
a: no special abilities


You were on level 4 of the Dungeon.
You visited 1 branch of the dungeon, and saw 4 of its levels.

You collected 163 gold pieces.

Inventory:

Hand Weapons
 a - a +0 war axe (weapon)
 n - a +0 triple crossbow
Armour
 b - a +0 scale mail
 c - a +0 buckler (worn)
 f - a +3 scale mail
 o - a +0 chain mail (worn)
Jewellery
 g - a ring of willpower (left hand)
 h - a ring of flight
 m - an amulet of guardian spirit
 u - a +6 ring of intelligence
Scrolls
 i - a scroll of immolation
 p - a scroll of brand weapon {unknown}
 q - a scroll of identify {unknown}
 s - a scroll of amnesia {unknown}
 t - a scroll of vulnerability {unknown}
Potions
 d - a potion of might
 e - a potion of ambrosia {unknown}
 j - 4 potions of heal wounds {unknown}
 k - 3 potions of resistance {unknown}
 l - a potion of berserk rage {unknown}
 r - 2 potions of curing {unknown}


   Skills:
 + Level 4.5 Fighting
 + Level 3.9 Axes
 + Level 4.4 Armour
 + Level 1.0 Stealth
 + Level 4.4 Shields


You had 4 spell levels left.
You didn't know any spells.
Your spell library contained the following spells:

 Spells                   Type           Power      Damage    Failure   Level
 Blink                    Tloc           0%         N/A       100%        2
 Poisonous Vapours        Pois/Air       0%         N/A       100%        2
 Lesser Beckoning         Tloc           0%         N/A       100%        3
 Corpse Rot               Necr/Pois/Air  0%         N/A       100%        4
 Manifold Assault         Tloc           0%         N/A       100%        5


Dungeon Overview and Level Annotations

Branches:
Dungeon (4/15)
 Temple: D:4-7

Altars:


Innate Abilities, Weirdness & Mutations

You have a pair of horns on your head.
You reflexively headbutt those who attack you in melee.


Message History

You have reached level 5!
A gnoll comes into view.
It is wielding a +2 shortbow of freezing.
A gnoll is nearby!
A gnoll is nearby!
A gnoll is nearby!
A gnoll is nearby!
The gnoll shoots an arrow.
The arrow hits you. The arrow freezes you.
You hear a shout! x2
You are too injured to fight recklessly!
You are too injured to fight recklessly!
You are too injured to fight recklessly!
You are too injured to fight recklessly!
You are too injured to fight recklessly!
You are too injured to fight recklessly!
You are too injured to fight recklessly!
You are too injured to fight recklessly!
You are too injured to fight recklessly!
You are too injured to fight recklessly!
You are too injured to fight recklessly!
The gnoll shoots an arrow.
The arrow barely misses you.
You hear a shout! 2 gnolls come into view.
The gnoll shouts! x2
The gnoll unwields a +2 shortbow of freezing.
The gnoll wields a +0 whip.
The gnoll hits you but does no damage.
A gnoll comes into view. It is wielding a +0 whip.
The gnoll moves out of view.
The gnoll hits you with a +0 whip.
You slash the gnoll! Your headbutt misses the gnoll.
The gnoll is almost dead.
The gnoll hits you from afar with a +0 spear!
* * * LOW HITPOINT WARNING * * *
The gnoll hits you with a +0 spear!
* * * LOW HITPOINT WARNING * * *
The gnoll completely misses you. You block the gnoll's attack.
You closely miss the gnoll. You hit the gnoll but do no damage.
The gnoll barely misses you. The gnoll hits you with a +0 whip.
* * * LOW HITPOINT WARNING * * *
The gnoll attacks as you move away! The gnoll hits you with a +0 whip.
You die...

######~≈≈~#
#####....#~≈≈~#
#........#~≈≈~#
#........#~≈≈~##
#........#~≈≈~~#
#.....†...~~≈≈~# .
#.........<~≈≈~#
..⌠.##+#g.........~≈≈~#
.....g.@..........~≈≈~~.
.###.g.g$.........~~≈≈~.
#.............!.~≈≈~.
###+#.......?...~≈≈~~
......##.##.~~≈≈~
######.##.. 88~≈≈~ .# #


You could see 4 gnolls.

Vanquished Creatures
  A hound (D:4)
  An orc priest (D:3)
  An adder (D:3)
  2 worms
  3 orcs (D:3)
  7 bats
  9 endoplasms
  2 giant cockroaches
  2 goblins (D:2)
  8 hobgoblins
  2 quokkas (D:1)
  4 ball pythons
  2 frilled lizards (D:1)
  8 kobolds
  8 rats
60 creatures vanquished.

Vanquished Creatures (others)
  A plant (D:2)
1 creature vanquished.

Grand Total: 61 creatures vanquished

Notes
Turn   | Place    | Note
-------+----------+-------------------------------------------
     0 | D:1      | GigaChad the Minotaur Fighter began the quest for the Orb.
     0 | D:1      | Reached XP level 1. HP: 19/19 MP: 0/0
    33 | D:1      | Reached XP level 2. HP: 21/27 MP: 1/1
   518 | D:1      | Reached XP level 3. HP: 28/33 MP: 2/2
  1025 | D:2      | Found a faded altar of an unknown god.
  1926 | D:3      | Reached XP level 4. HP: 20/40 MP: 3/3
  2177 | D:3      | Reached skill level 1 in Stealth
  2560 | D:4      | Reached XP level 5. HP: 25/47 MP: 4/4
  2594 | D:4      | Slain by a gnoll

Illustrated notes

Levels and vault maps discovered:
D:1:      minmay_arrival_stair_chambers, layout_basic
D:2:      layout_loops_ring, serial_forest, infiniplex_forest_end_2,
          infiniplex_forest_lined_1, infiniplex_forest_clump_medium,
          infiniplex_forest_zigzag_1, infiniplex_forest_side_room,
          infiniplex_forest_clump_small, infiniplex_forest_straight_2,
          ebering_ecumenical_altar_sacrificial
D:3:      layout_basic, nicolae_kite_square_tiling_tiny, nrook_campfire
D:4:      wander_river, layout_basic, minmay_temple_entry_junction,
          uniq_crazy_yiuf_cottage, uniq_natasha

Skill      XL: |  1  2  3  4 |
---------------+-------------+-----
Shields        | 4 |  4.4
Armour         | 4 |  4.4
Fighting       | 4 |  4.5
Axes           | 3 |  3.9
Stealth        | 1 |  1.0

Action                   |  1- 3 |  4- 6 || total
-------------------------+-------+-------++-------
Melee: War axe           |    92 |    24 ||   116
       Headbutt          |     9 |     4 ||    13
  Use: Scroll            |     1 |       ||     1
Armor: Scale mail        |    35 |       ||    35
       Chain mail        |    15 |    25 ||    40
Dodge: Dodged            |    52 |    18 ||    70
Block: Buckler           |    24 |     9 ||    33
